 Dungeon Crawl Stone Soup version 0.29-a0-91-gdebf4667c2 (webtiles) character file.

Game seed: 3851700109221843563

74 enile the Vandal (level 4, -11/35 HPs)
             Began as a Djinni Wanderer on Feb 8, 2022.
             Was a Believer of Lugonu.
             Killed by divine providence
             ... invoked by an orc priest
              (15 damage)
             ... on level 2 of the Dungeon.
             The game lasted 00:02:44 (2179 turns).

enile the Vandal (Djinni Wanderer)                  Turns: 2179, Time: 00:02:44

Health: -11/35     AC:  3    Str: 13    XL:     4   Next: 54%
Gold:   53         EV: 11    Int: 13    God:    Lugonu [**....] SH:  0 Dex: 13

rFire   + + .      SeeInvis .   p - +4 whip (venom)
rCold   x . .      Faith    .   (no shield)
rNeg    . . .      Spirit   .   k - +0 leather armour
rPois   ∞          Reflect  .   (no helmet)
rElec   .          Harm     .   (no cloak)
rCorr   .          Rampage  .   (no gloves)
Will    .....                   (boots unavailable)
Stlth   +.........              (no amulet)
HPRegen 0.11/turn               (no ring)
MPRegen 0.00/turn               (no ring)

@: brilliant, flying
A: sickness immunity, fire resistance 2, cold vulnerability 1, float, innate
caster, HP casting, extra vitality 1
a: Renounce Religion, Depart the Abyss, Bend Space


You were on level 2 of the Dungeon.
You worshipped Lugonu.
Lugonu was pleased with you.
You visited 1 branch of the dungeon, and saw 3 of its levels.

You collected 53 gold pieces.

Inventory:

Hand Weapons
 a - a +2 hunting sling
 c - a +0 falchion
 g - a +2 whip of venom
 j - a +0 falchion of holy wrath
 m - a +0 great mace
 p - a +4 whip of venom (weapon)
Missiles
 b - 59 sling bullets
 f - 98 stones (quivered)
Armour
 d - a +0 scale mail
 k - a +0 leather armour (worn)
Magical Staves
 h - a staff of earth
Scrolls
 e - 4 scrolls of identify {unknown}
 i - a scroll of immolation {unknown}
 o - a scroll of blinking {unknown}
Potions
 n - a potion of heal wounds {unknown}


   Skills:
 - Level 3.0 Fighting
 - Level 1.1 Long Blades
 - Level 4.1 Slings
 - Level 3.0 Armour
 + Level 1.5 Spellcasting


You had 5 spell levels left.
You knew the following spells:

 Your Spells              Type           Power      Damage    Failure   Level
a - Summon Small Mammal   Summ           28%        N/A       19%         1
Your spell library was empty.

Dungeon Overview and Level Annotations

Branches:
Dungeon (3/15)

Altars:
Lugonu


Innate Abilities, Weirdness & Mutations

You are immune to sickness and miasma.
You are immune to poison.
Your flesh is very heat resistant. (rF++)
You are vulnerable to cold. (rC-)
You float through the air rather than walking.
You learn spells naturally, not from books.
Your magical power is your life essence.
You have superior vitality. (+4 MHP)


Message History

Key pressed, stopping explore.
f - 98 stones (gained 21) Done exploring.
Done exploring.
Done exploring.
(D) Dungeon
Where to? (Enter - D:2 @ (x,y), ? - help)
You see here a quokka skeleton.
Things that are here:
a +0 club; a bat skeleton
There is a stone staircase leading down here.
You fly downwards.
The orc shouts! x2
There is a stone staircase leading up here.
There are monsters nearby!
There are monsters nearby!
There are monsters nearby!
The orc hits you but does no damage.
You hit the orc priest.
The orc priest is poisoned.
The orc priest is moderately wounded.
The orc priest hits you with a +0 flail!
The orc closely misses you.
There is a stone staircase leading up here.
You closely miss the orc. The orc hits you with a +0 flail!
The ball python bites you but does no damage.
The ball python barely misses you. The orc barely misses you.
The orc hits you with a +0 flail!
* * * LOW HITPOINT WARNING * * *
The orc priest hits you with a +0 flail.
* * * LOW HITPOINT WARNING * * *
You fly upwards.
There is a stone staircase leading down here.
Space bends around you!
You blink.
Annotate which branch? (. - D:2, ? - help, ! - show branch list)
Okay, then.
It was a potion of brilliance.
You feel clever all of a sudden.
The orc priest mumbles some strange prayers to Beogh against you.
Beogh smites you!
You die...

....♣ #.#.#.##.# #..÷###.#.#
....♣ ##.....##.# #.....#####
....♣ #.#.#.#.#.# #...#######
....♣######........#####.##......
....♣#......#.#..#..........#####
...♣♣######....##..####.....##
..♣♣ #..####..###.......# .♣♣
#.#####...o.o......#
♣♣#########.....@..o.S.......####
♣ #........########.###.....###..
########.# #.# ##...## #.. # #.#
#.# ##.## ##.. ####### #.# #.#
#.# #... ......# #.# #.# #.# #...
#####.# #.# #.# #.# ##... # #.#
#.# #.# #.# #.... # #.# #.# #.#
#.# #†.##


You could see an orc priest (poisoned), 2 orcs and a ball python.

Vanquished Creatures
  4 adders (D:2)
  A giant cockroach (D:1)
  4 goblins
  2 hobgoblins (D:2)
  2 jackals (D:2)
  2 quokkas
  2 ball pythons
  9 bats
  2 frilled lizards
  5 kobolds
  7 rats
40 creatures vanquished.

Notes
Turn   | Place    | Note
-------+----------+-------------------------------------------
     0 | D:1      | enile the Djinni Wanderer began the quest for the Orb.
     0 | D:1      | Reached XP level 1. HP: 17/17 MP: 0/0
   215 | D:1      | Reached XP level 2. HP: 22/22 MP: 0/0
   630 | D:1      | Found a faded altar of an unknown god.
   891 | D:1      | Prayed at the altar of an unknown god.
   891 | D:1      | Became a worshipper of Lugonu the Unformed
   891 | D:1      | Reached * piety under Lugonu
   891 | D:1      | Reached ** piety under Lugonu
  1118 | D:2      | Reached XP level 3. HP: 26/29 MP: 0/0
  1118 | D:2      | Learned a level 1 spell: Summon Small Mammal
  1457 | D:2      | Reached skill level 1 in Spellcasting
  1457 | D:2      | Reached XP level 4. HP: 31/35 MP: 0/0
  2179 | D:2      | Killed from afar by an orc priest

Illustrated notes

Levels and vault maps discovered:
D:1:      mrwooster_arrival_statue, layout_basic,
          chequers_ecumenical_altar_island, chequers_serial_rivers_micro_d
D:2:      layout_loops_ring, minmay_misc_feat_cross, kennysheep_big_empty_room,
          hex_tiny, grunt_decor_fettered
D:3:      layout_basic, overflow_temple_1_default, okawaru_gym_becter,
          mainiacjoe_overflow_boulevard, minmay_misc_feat_plants,
          serial_bayou_pond_a, feat_on_display, uniq_jessica

Skill      XL: |  1  2  3 |
---------------+----------+-----
Fighting       | 2 3 |  3.0
Spellcasting   | 1 |  1.5
Long Blades    | |  1.1
Slings         | |  4.1
Armour         | |  3.0

Action                   |  1- 3 |  4- 6 || total
-------------------------+-------+-------++-------
Melee: Whip              |    62 |    34 ||    96
 Fire: Hunting sling     |    13 |       ||    13
 Cast: Summon Small Mamm |     2 |     7 ||     9
Invok: Bend Space        |       |     1 ||     1
  Use: Potion            |       |     1 ||     1
Armor: Scale mail        |    34 |       ||    34
       Leather armour    |     2 |    13 ||    15
Dodge: Dodged            |    34 |    40 ||    74

Table legend: (Time is in decaauts)
 A = Elapsed time spent in this place.
 B = Non-inter-level travel time spent in this place.
 C = Inter-level travel time spent in this place.
 D = Time resting spent in this place.
 E = Time spent auto-exploring this place.
 F = Levels seen in this place.
 G = Mean time per level.
                   A        B        C        D        E       F      G
               +--------+--------+--------+--------+--------+-----+--------+
         Total |   2188 |   1979 |    209 |      0 |   1682 |   3 |  729.3 |
       Dungeon |   2188 |   1979 |    209 |      0 |   1682 |   3 |  729.3 |
               +--------+--------+--------+--------+--------+-----+--------+

Top non-repeatable levels by time:
     D:2: 1222 daAuts
     D:1: 960 daAuts
     D:3: 6 daAuts
